 Dungeon Crawl Stone Soup version 0.31-a0-1574-g5526595cd0 (webtiles) character file.

Game seed: 16884574395499679355

12374 burgermaster6969 the Covert (level 11, -1/79 HPs)
             Began as a Vampire Necromancer on Jan 4, 2024.
             Was a Believer of Kikubaaqudgha.
             Slain by a skyshark (20 damage)
             ... on level 2 of the Lair of Beasts.
             The game lasted 03:50:26 (12932 turns).

burgermaster6969 the Covert (Vampire Necromancer)  Turns: 12932, Time: 03:50:26

Health: -1/79      AC: 12    Str:  9    XL:     11   Next: 61%
Magic:  17/22      EV: 14    Int: 27    God:    Kikubaaqudgha [**....]
Gold:   683        SH:  0    Dex: 14    Spells: 2/25 levels left

rFire   + . .        E - +1 long sword (elec)
rCold   + + .        (no shield)
rNeg    + . .        C - +1 leather armour of Osys {rPois rC+ rN+}
rPois   +            (no helmet)
rElec   .            y - scarf {rC+ rF+}
rCorr   .            d - +0 pair of gloves
SInv    +            m - +2 pair of boots
Will    +....        (no amulet)
Stlth   ++++         k - +4 ring of protection
HPRegen 0.53/turn    f - +6 ring of intelligence
MPRegen 0.18/turn

%: no passive effects
@: confusing by touch, healing quickly, hasted, very quick
A: alive, fangs 3, see invisible, vampiric 2
a: Exsanguinate, Renounce Religion, Unearth Wretches


You were on level 2 of the Lair of Beasts.
You worshipped Kikubaaqudgha.
Kikubaaqudgha was pleased with you.
You visited 3 branches of the dungeon, and saw 12 of its levels.
You also visited: Volcano.

You collected 683 gold pieces.

Inventory:

Hand Weapons
 c - a +0 sling
 h - a +1 dagger of venom
 o - a +1 dagger of draining
 q - the +7 sling of Frustration {freeze, rPois Int-4 Stlth+}
   (You found it on level 4 of the Dungeon)

   Int-4:     It affects your intelligence (-4).
   rPois:     It protects you from poison Stlth+: It makes you more stealthy.
 s - a +0 flail
 E - a +1 long sword of electrocution (weapon)
Missiles
 g - 81 stones
 i - 36 poisoned darts
Armour
 a - a +0 robe
 d - a +0 pair of gloves (worn)
 l - a +2 plate armour of fire resistance
 m - a +2 pair of boots (worn)
 u - an orb of light
 y - a scarf of resistance (worn)
 z - +0 steam dragon scales
 C - the +1 leather armour of Osys (worn) {rPois rC+ rN+}
   (You found it on level 9 of the Dungeon)

   rC+:       It protects you from cold.
   rPois:     It protects you from poison rN+: It protects you from negative
   energy.
Magical Staves
 w - a staff of cold
Jewellery
 e - a ring of poison resistance
 f - a +6 ring of intelligence (right hand)
 k - a +4 ring of protection (left hand)
 n - a ring of magical power
 p - a ring of protection from fire
 r - a +4 ring of protection
 A - a ring of resist corrosion
 B - a +6 ring of strength
Talismans
 b - a maw talisman
Wands
 G - a wand of mindburst (6)
 L - a wand of digging (8)
 M - a wand of flame (2) (quivered)
Scrolls
 t - a scroll of enchant armour
 v - 2 scrolls of enchant weapon
 D - 3 scrolls of revelation
 F - 2 scrolls of immolation
 H - a scroll of noise
Potions
 j - a potion of mutation
 x - 4 potions of curing


   Skills:
 + Level 5.0 Fighting
 - Level 3.2(4.1) Short Blades
 + Level 3.2(3.8) Long Blades
 - Level 6.9 Ranged Weapons
 - Level 7.0 Dodging
 - Level 10.0 Stealth
 + Level 7.5 Spellcasting
 - Level 6.0 Hexes
 + Level 8.8 Necromancy
 - Level 5.0 Ice Magic


You had 2 spell levels left.
You knew the following spells:

 Your Spells              Type           Power      Damage    Failure   Level
a - Necrotise             Necr           100%       1d9       1%          1
b - Sting                 Conj/Alch      40%        1d5       8%          1
c - Vampiric Draining     Necr           55%        2d9       1%          3
d - Freeze                Ice            100%       1d10      1%          1
e - Mercury Vapours       Alch/Air       20%        N/A       12%         2
f - Dispel Undead         Necr           55%        3d20      1%          4
g - Apportation           Tloc           20%        N/A       8%          1
h - Animate Dead          Necr           55%        N/A       1%          4
i - Frozen Ramparts       Ice            74%        1d12      3%          3
j - Confusing Touch       Hex            43%        N/A       1%          3

Your spell library contained the following spells:

 Spells                   Type           Power      Damage    Failure   Level
 Kiss of Death            Conj/Necr      100%       2d13      1%          1
 Jinxbite                 Hex            86%        N/A       1%          2
 Sublimation of Blood     Necr           55%        N/A       1%          2
 Cigotuvi's Dreadful Rot  Necr/Alch/Air  52%        N/A       3%          2
 Static Discharge         Conj/Air       20%        3-4/arc   12%         2
 Curse of Agony           Necr           55%        N/A       6%          5
 Hailstorm                Conj/Ice       23%        3d7       9%          3
 Airstrike                Air            5%         2d(1-17)  61%         4
 Olgreb's Toxic Radiance  Alch           10%        N/A       61%         4
 Summon Lightning Spire   Summ/Air       10%        N/A       61%         4
 Alistair's Intoxication  Alch           6%         N/A       91%         5
 Haunt                    Necr/Summ      16%        N/A       100%        7
 Borgnjor's Revivificati  Necr           Unusable   N/A       N/A         8
 Death's Door             Necr           Unusable   N/A       N/A         9

Dungeon Overview and Level Annotations

Branches:
Dungeon (9/15)             Temple (1/1) D:6            Lair (2/5) D:8
 Spider (0/4) Lair:2      Volcano (visited)
  Swamp: Lair:2-3    Shoals: Lair:2-3       Orc: D:9-12

Altars:
Ashenzari
Cheibriados
Fedhas
Gozag
Hepliaklqana
Kikubaaqudgha
Makhleb
Nemelex Xobeh
Okawaru
Qazlal
Ru
Sif Muna
Trog
Uskayaw
Vehumet
Wu Jian
Xom
Yredelemnul

Shops:
D:2 (

Annotations:
D:7 Blork the orc, Eustachio
D:9 s4kkeboi's ghost, novice MiFi


Innate Abilities, Weirdness & Mutations

Your natural rate of healing is accelerated.
You have razor-sharp teeth.
You have supernaturally acute eyesight. (SInv)
You are afflicted with vampirism and can become a bat while bloodless.


Message History

You draw life force from the bullfrog!
You kill the bullfrog!
Kikubaaqudgha accepts your kill.
Your Fighting skill increases to level 5!
There are no items here.
Okay, then.
You can't memorise that many levels of magic yet!
Okay, then.
There is a stone staircase leading up here.
There is a stone staircase leading up here.
There is a stone staircase leading up here.
You open the gate.
There is an open gate here.
You open the door.
A goliath frog, 2 skysharks and a water moccasin come into view.
The water moccasin hisses angrily.
Found a maw talisman.
Casting: Vampiric Draining (safe; 1% risk of failure)
Confirm with . or Enter, or press ? or * to list all spells.
Your hands begin to glow red.
The skyshark bites you.
The skyshark tastes blood and grows stronger!
The skyshark tail-slaps you. The skyshark closely misses you.
Casting: Confusing Touch (safe; 1% risk of failure)
Confirm with . or Enter, or press ? or * to list all spells.
Your hands begin to glow brighter.
The skyshark bites you!
The skyshark enters a blood-rage!
The skyshark closely misses you. The skyshark tail-slaps you!
You feel yourself speed up. The skyshark bites you.
The skyshark tail-slaps you. x2
The goliath frog hits you but does no damage.
The skyshark bites you but does no damage.
The skyshark tail-slaps you. The skyshark barely misses you.
There is an open gate here.
The skyshark attacks as it pursues you! The skyshark bites you!
* * * LOW HITPOINT WARNING * * *
The skyshark barely misses you. The skyshark tail-slaps you.
* * * LOW HITPOINT WARNING * * *
The skyshark attacks as it pursues you! The skyshark bites you!!
You die...
Kikubaaqudgha rasps: "You have failed me!
Welcome... death!"

#...##P.#...#####...##
#...
#..##........#.##....#
###.
#########.......<...##
## #.......#...## # .
# #....#.##....#### #
...#.
##....#.###......#
#.....##'...####
##.....###
#..%.FF.'....#
##.....#P
#.....##'F@<.###
#P...... ...#.
###.#...## ###..... .
# ##.....# #....#.
##....## ##.##.#
##....## #.####.
##....########.
#......#.##.###
#.....#.....##.# #
.#...###....†..##.


You could see 2 skysharks and a goliath frog.

Vanquished Creatures
  A deep elf pyromancer (D:9)
  An elephant (Lair:2)
  2 black mambas
  3 cane toads (Lair:1)
  A rime drake (Lair:1)
  2 komodo dragons (Lair:2)
  A troll (D:9)
  2 blink frogs (Lair:1)
  2 wyverns
  17 yaks
  A basilisk (Lair:1)
  4 steam dragons
  4 redbacks (Lair:2)
  5 water moccasins
  5 orc warriors
  3 black bears
  2 laughing skulls (Volcano)
  5 wolves
  3 phantoms (D:5)
  2 kobold brigands
  A weeping skull (Volcano)
  4 scorpions
  3 gnoll sergeants
  11 bullfrogs
  6 killer bees
  2 spriggan skeletons (Volcano)
  An electric eel (Lair:2)
  A howler monkey (D:6)
  2 bombardier beetles
  7 hounds
  A jelly (D:6)
  8 orc priests
  A sleepcap (D:4)
  2 gnoll boudas
  6 orc wizards
  20 gnolls
  11 adders
  A shadow imp (D:4)
  A white imp (D:7)
  2 ufetubi (D:5)
  2 dart slugs
  A ribbon worm (D:2)
  31 orcs
  5 bats
  6 endoplasms
  4 giant cockroaches
  5 goblins
  11 hobgoblins
  3 jackals (D:1)
  17 kobolds
  8 quokkas
  5 ball pythons
  3 frilled lizards (D:2)
  7 rats
265 creatures vanquished.

Vanquished Creatures (collateral kills)
  A blink frog (Lair:1)
  A yak (Lair:1)
  A water moccasin (D:8)
  A bombardier beetle (D:6)
  An orc (D:9)
  A ball python (D:2)
  3 endoplasms
  A hobgoblin (D:2)
10 creatures vanquished.

Vanquished Creatures (others)
  A slime creature (D:9)
  A slime creature zombie (D:9)
  An elf zombie (D:9)
  2 yak zombies (Lair:1)
  A bullfrog zombie (D:9)
  An orc wizard (D:7)
  An endoplasm zombie (D:9)
  3 orc zombies (D:9)
11 creatures vanquished.

Grand Total: 286 creatures vanquished

Notes
Turn   | Place    | Note
-------+----------+-------------------------------------------
     0 | D:1      | burgermaster6969 the Vampire Necromancer began the quest
                  | for the Orb.
     0 | D:1      | Reached XP level 1. HP: 13/13 MP: 3/3
   166 | D:1      | Reached XP level 2. HP: 19/19 MP: 1/5
   334 | D:1      | Learned a level 1 spell: Sting
   680 | D:2      | Reached skill level 1 in Short Blades
   680 | D:2      | Gained mutation: You are afflicted with vampirism and can
                  | become a bat while bloodless. [Vampire growth]
   680 | D:2      | Reached XP level 3. HP: 21/24 MP: 3/6
   795 | D:2      | Reached skill level 4 in Stealth
   812 | D:2      | Reached XP level 4. HP: 22/30 MP: 3/7
  1027 | D:2      | Found Xisegi Tulyg's Antique Weapon Emporium.
  1308 | D:3      | Noticed a kobold brigand
  1435 | D:4      | Noticed a scorpion
  1448 | D:4      | Killed a scorpion
  1449 | D:4      | Reached skill level 5 in Necromancy
  1449 | D:4      | Reached XP level 5. HP: 27/35 MP: 9/9
  1492 | D:4      | Learned a level 3 spell: Vampiric Draining
  1494 | D:4      | Learned a level 1 spell: Freeze
  1497 | D:4      | Learned a level 2 spell: Mercury Vapours
  1525 | D:3      | Reached skill level 5 in Stealth
  2034 | D:4      | Reached XP level 6. HP: 29/41 MP: 6/10
  2495 | D:4      | Reached XP level 7. HP: 46/46 MP: 12/12
  2869 | D:4      | Identified the +7 sling of Frustration {freeze, rPois Int-4
                  | Stlth+}
  2932 | D:5      | Entered Level 5 of the Dungeon
  3020 | D:5      | Reached skill level 6 in Stealth
  3028 | D:5      | Reached skill level 1 in Ranged Weapons
  3343 | D:5      | Reached XP level 8. HP: 47/52 MP: 14/14
  3440 | D:5      | Reached skill level 7 in Stealth
  3567 | D:5      | Reached skill level 5 in Dodging
  3625 | D:5      | Learned a level 4 spell: Dispel Undead
  3735 | D:6      | Learned a level 1 spell: Apportation
  4220 | D:6      | Found a sparkling altar of Nemelex Xobeh.
  4220 | D:6      | Found a radiant altar of Vehumet.
  4603 | D:6      | Found a staircase to the Ecumenical Temple.
  4609 | Temple   | Entered the Ecumenical Temple
  4690 | Temple   | Became a worshipper of Kikubaaqudgha
  5012 | D:7      | Reached skill level 8 in Stealth
  5227 | D:7      | Reached XP level 9. HP: 55/57 MP: 16/16
  5375 | D:7      | Reached skill level 5 in Spellcasting
  5647 | D:6      | Learned a level 4 spell: Animate Dead
  5702 | D:7      | Noticed Blork the orc
  5704 | D:7      | Noticed Eustachio
  5928 | D:7      | Reached * piety under Kikubaaqudgha
  5928 | D:7      | Received a gift from Kikubaaqudgha
  5988 | D:7      | Reached skill level 9 in Stealth
  5991 | D:7      | Reached skill level 5 in Ranged Weapons
  6114 | D:8      | Noticed a death yak
  6114 | D:8      | Noticed a death yak
  6578 | D:8      | Noticed a death yak
  6578 | D:8      | Noticed a death yak
  6578 | D:8      | Noticed a death yak
  7007 | D:9      | Found a runed translucent gate.
  7008 | D:9      | Noticed a troll
  7052 | D:9      | Found a runed translucent gate.
  7052 | D:9      | Found a runed translucent gate.
  7052 | D:9      | Identified the +4 chain mail of Restlessness {^Contam rN+
                  | Slay+5}
  7053 | D:9      | Noticed s4kkeboi's ghost (novice MiFi)
  7467 | D:9      | Found a basalt altar of Yredelemnul.
  7907 | D:9      | Killed a troll
  7908 | D:9      | Reached XP level 10. HP: 32/64 MP: 12/18
  8000 | D:9      | Reached skill level 1 in Ice Magic
  8040 | D:9      | Reached skill level 1 in Fighting
  8353 | D:9      | Reached ** piety under Kikubaaqudgha
  8459 | D:9      | Learned a level 3 spell: Frozen Ramparts
  9612 | D:9      | Identified the +1 leather armour of Osys {rPois rC+ rN+}
  9701 | D:8      | Noticed a death yak
  9808 | D:8      | Found a staircase to the Lair.
  9817 | Lair:1   | Entered Level 1 of the Lair of Beasts
  9871 | Lair:1   | Noticed a cane toad
  9929 | Lair:1   | Reached skill level 1 in Hexes
  9986 | Lair:1   | Noticed a black mamba
 10309 | Lair:1   | Found a dark tunnel.
 10354 | Lair:1   | Noticed a cane toad
 10364 | Volcano  | Entered a volcano
 10566 | Volcano  | Noticed a gargoyle
 10566 | Volcano  | Noticed a gargoyle
 10714 | Lair:1   | Noticed a cane toad
 10731 | Lair:1   | Killed a cane toad
 10732 | Lair:1   | Reached XP level 11. HP: 71/74 MP: 2/21
 10908 | Lair:1   | Learned a level 3 spell: Confusing Touch
 11010 | Lair:1   | Reached skill level 1 in Long Blades
 11110 | Lair:1   | Reached skill level 5 in Hexes
 12093 | Lair:2   | Reached skill level 5 in Ice Magic
 12201 | Lair:2   | Reached skill level 10 in Stealth
 12404 | Lair:2   | Found a hole to the Spider Nest.
 12889 | Lair:2   | Reached skill level 5 in Fighting
 12926 | Lair:2   | Noticed a goliath frog
 12926 | Lair:2   | Noticed a skyshark
 12926 | Lair:2   | Noticed a skyshark
 12932 | Lair:2   | Slain by a skyshark

Illustrated notes

Levels and vault maps discovered:
D:1:      roadster_arrival_rocket_large, layout_basic, kennysheep_small_spiral
D:2:      layout_rooms, serial_shops, shop
D:3:      cheibrodos_thug_alley, layout_basic
D:4:      layout_cave_pools, kennysheep_generic_room_4
D:5:      corexii_shack_village, layout_loops_ring
D:6:      layout_loops_corners, nicolae_overflow_two_pavilions,
          minmay_temple_entry_fiery, kennysheep_flooded_box
D:7:      layout_basic, dreamdust_mushroom_princess, sword_in_stone
D:8:      layout_rooms, dpeg_lair_monsters, chequers_serial_rivers_micro_a,
          minmay_misc_feat_iff, minivault_21
D:9:      layout_basic, mainiacjoe_overflow_concentric_impassable,
          biasface_ghost_orc_armoury
Temple:   minmay_crystal_spiral_temple
Lair:1:   layout_regular_city, nicolae_volcano_entry_two_sided
Lair:2:   nzn_winding_woodlands_small [nzn_winding_woodlands_5x15_split_checker,
          nzn_winding_woodlands_center_triple_pond,
          nzn_winding_woodlands_5x15_pool], layout_concentric_octagons,
          minmay_shoals_entry_hut, spider_nest_entry_webs, hellmonk_talismancer,
          lemuel_fruit_fields

Skill      XL: |  1  2  3  4  5  6  7  8  9 10 11 |
---------------+----------------------------------+-----
Short Blades   | 1 2 3 |  3.2
Stealth        | 4 5 6 8 9 10 | 10.0
Dodging        | 3 4 5 7 |  7.0
Necromancy     | 5 6 7 8 |  8.8
Spellcasting   | 3 4 5 6 7 |  7.5
Ranged Weapons | 2 4 5 6 |  6.9
Ice Magic      | 4 5 |  5.0
Fighting       | 3 5 |  5.0
Hexes          | 4 6 |  6.0
Long Blades    | 3 |  3.2

Action                     |  1- 3 |  4- 6 |  7- 9 | 10-12 || total
---------------------------+-------+-------+-------+-------++-------
  Melee: Unarmed           |    13 |       |       |       ||    13
         Dagger            |    38 |    98 |    20 |       ||   156
         Bite              |     3 |    10 |     2 |     3 ||    18
         Punch             |       |     2 |       |     1 ||     3
         Long sword        |       |       |       |    48 ||    48
   Fire: Sling             |       |       |   302 |    43 ||   345
  Throw: Dart              |       |     5 |     2 |     2 ||     9
         Throwing net      |       |       |     3 |     4 ||     7
   Cast: Necrotise         |    28 |    56 |    42 |    51 ||   177
         Sting             |     1 |    13 |    25 |    48 ||    87
         Vampiric Draining |       |     7 |    24 |    93 ||   124
         Mercury Vapours   |       |     2 |    11 |     6 ||    19
         Freeze            |       |     2 |       |       ||     2
         Apportation       |       |       |     2 |     1 ||     3
         Animate Dead      |       |       |     1 |     5 ||     6
         Frozen Ramparts   |       |       |       |    24 ||    24
         Dispel Undead     |       |       |       |     4 ||     4
         Confusing Touch   |       |       |       |     5 ||     5
 Invoke: Unearth Wretches  |       |       |       |     4 ||     4
Ability: End Transformatio |       |       |       |     1 ||     1
         Bat Form          |       |       |       |     1 ||     1
         Exsanguinate      |       |       |       |     1 ||     1
         Revivify          |       |       |       |     1 ||     1
  Evoke: Wand              |       |       |       |     8 ||     8
    Use: Scroll            |       |     5 |     8 |     8 ||    21
         Potion            |       |     1 |     4 |     9 ||    14
   Stab: Sleeping          |     3 |     1 |       |       ||     4
 Armour: Robe              |    27 |    62 |   135 |       ||   224
         Steam dragon scal |       |       |   119 |    44 ||   163
         Leather armour    |       |       |       |   173 ||   173
         Skin              |       |       |       |     1 ||     1
  Dodge: Dodged            |    35 |    71 |   267 |   180 ||   553

Table legend: (Time is in decaauts)
 A = Elapsed time spent in this place.
 B = Non-inter-level travel time spent in this place.
 C = Inter-level travel time spent in this place.
 D = Time resting spent in this place.
 E = Time spent auto-exploring this place.
 F = Levels seen in this place.
 G = Mean time per level.
                   A        B        C        D        E       F      G
               +--------+--------+--------+--------+--------+-----+--------+
         Total |  12993 |  12989 |      4 |   1766 |    519 |  13 |  999.5 |
       Dungeon |   9675 |   9671 |      4 |    743 |    361 |   9 | 1075.0 |
        Temple |    189 |    189 |      0 |      0 |      0 |   1 |  189.0 |
          Lair |   2822 |   2822 |      0 |    882 |    158 |   2 | 1411.0 |
       Volcano |    305 |    305 |      0 |    141 |      0 |   1 |  305.0 |
               +--------+--------+--------+--------+--------+-----+--------+

Top non-repeatable levels by time:
     D:9: 3098 daAuts
  Lair:1: 1624 daAuts
     D:6: 1370 daAuts
  Lair:2: 1198 daAuts
     D:4: 1043 daAuts
     D:7: 991 daAuts
     D:5: 759 daAuts
     D:3: 672 daAuts
     D:1: 669 daAuts
     D:2: 536 daAuts
     D:8: 533 daAuts
 Volcano: 305 daAuts
  Temple: 189 daAuts
